 Dungeon Sprint DCSS version 0.22-a0-351-g29664b4 (webtiles) character file.

4000000 Kairos the Formicid Barricade (level 24, -16/227 HPs)
             Began as a Formicid Fighter on Apr 12, 2018.
             Was a High Priest of Makhleb.
             Demolished by a meat berserker
             ... wielding a +9 battleaxe
              (22 damage)
             ... in the Dungeon (Sprint VIII: "Arena of Blood").
             The game lasted 00:02:34 (40 turns).

Kairos the Formicid Barricade (Formicid Fighter)      Turns: 40, Time: 00:02:34

Health: -16/227    AC: 13    Str: 23    XL:     24   Next: 54%
Magic:  23/53      EV: 28    Int: 12    God:    Makhleb [*****.]
Gold:   0          SH: 19    Dex: 16    Spells: 75/75 levels left

rFire    . . .     SeeInvis +   l - +∞ Axe of Woe
rCold    . . .     Gourm    .   c - +0 shield
rNeg     . . .     Faith    .   b - +0 scale mail
rPois    .         Spirit   .   (helmet unavailable)
rElec    .         Reflect  .   (no cloak)
rCorr    .         Harm     .   (no gloves)
MR       ++...                  (no boots)
Stlth    ++++++++..             (no amulet)
HPRegen  0.47/turn              (no ring)
MPRegen  0.33/turn              (no ring)

@: no status effects
A: permanent stasis, dig shafts and tunnels, four strong arms, antennae 3
a: Dig, Minor Destruction, Lesser Servant of Makhleb, Major Destruction, Greater
Servant of Makhleb, Renounce Religion


You were in the Dungeon.
You worshipped Makhleb.
Makhleb was extremely pleased with you.
You were not hungry.

You visited 1 branch

Inventory:

Hand Weapons
 a - a +0 quarterstaff
 l - the +∞ Axe of Woe (weapon)
   (You found it in the Dungeon)
Armour
 b - a +0 scale mail (worn)
 c - a +0 shield (worn)
Scrolls
 k - a scroll of blinking
Potions
 d - a potion of might
 e - a potion of curing
 g - a potion of heal wounds
 h - a potion of haste
 i - 2 potions of magic
 j - a potion of berserk rage
Comestibles
 f - a ration


   Skills:
 O Level 27 Fighting
 O Level 27 Axes
 O Level 27 Staves
 + Level 26.7 Throwing
 O Level 27 Armour
 + Level 24.9 Dodging
 O Level 27 Stealth
 O Level 27 Shields
 + Level 26.7 Unarmed Combat
 + Level 26.3 Spellcasting
 O Level 27 Invocations


You had 75 spell levels left.
You didn't know any spells.

Dungeon Overview and Level Annotations

Branches:
Dungeon (1/1)

Altars:
Makhleb


Innate Abilities, Weirdness & Mutations

You cannot be hasted, slowed, berserked, paralysed or teleported.
You can dig through walls and to a lower floor.
Your four strong arms can wield two-handed weapons with a shield.
You have a pair of large antennae on your head. (SInv)


Message History

Unknown command.
You cut the bag of meat into ribbons!!! You chop the bag of meat into pieces.
You kill the bag of meat!
Makhleb accepts your kill.
Your Spellcasting skill increases to level 26!
You hear a shout! x4; You hear two shouts!
Unknown command.
You hear a shout! x4
The large bag of meat hits you with a +9 giant spiked club!!!!
The large bag of meat hits you with a +9 giant spiked club!!!
* * * LOW HITPOINT WARNING * * *
You hear a shout! x3
Items here: ))) === † You are too injured to fight recklessly!
You hear a shout! x5
The meat berserker hits you with a +9 battleaxe!!!
* * * LOW HITPOINT WARNING * * *
You hear a shout!
The meat berserker hits you with a +9 battleaxe!!
You die...

.o..........
z..o.......
.Ooo......
#.O.....# ..
#o......# ..
...###.o..)).###...
.......O###))......
#.....OoO_)).......
......#.@).)#......
..... #_O<._#......
.... #.....#......
#..{....._.........
....{...###......o.
.{{###... ...###...
. #... ...# #..
..#{ ... ..


You could see a sculptor of flesh (wandering), 3 large bags of meat, 3 meat
berserkers and 6 bags of meat.

Vanquished Creatures
  3 vampire knights (D)
  7 ogres (D)
  18 orcs (D)
28 creatures vanquished.

Notes
Turn   | Place    | Note
-------+----------+-------------------------------------------
     0 | D        | Found the +∞ Axe of Woe
     0 | D        | Kairos the Formicid Fighter began the quest for the Orb.
     0 | D        | Reached XP level 1. HP: 18/18 MP: 1/1
     2 | D        | Noticed a bag of meat
     2 | D        | Noticed a bag of meat
     4 | D        | Noticed a bag of meat
     6 | D        | Noticed a bag of meat
     7 | D        | Killed a bag of meat
     7 | D        | Reached XP level 2. HP: 47/47 MP: 2/2
     7 | D        | Reached XP level 3. HP: 53/53 MP: 3/3
     7 | D        | Reached XP level 4. HP: 60/60 MP: 4/4
     7 | D        | Reached XP level 5. HP: 67/67 MP: 5/5
     7 | D        | Reached XP level 6. HP: 74/74 MP: 6/6
     7 | D        | Reached XP level 7. HP: 80/80 MP: 7/7
     7 | D        | Reached XP level 8. HP: 87/87 MP: 8/8
     7 | D        | Reached XP level 9. HP: 94/94 MP: 9/9
     7 | D        | Reached XP level 10. HP: 101/101 MP: 10/10
     7 | D        | Reached XP level 11. HP: 107/107 MP: 11/11
     7 | D        | Reached XP level 12. HP: 114/114 MP: 12/12
     7 | D        | Killed a bag of meat
     7 | D        | Reached skill level 5 in Axes
     7 | D        | Reached XP level 13. HP: 126/126 MP: 13/13
     8 | D        | Noticed a bag of meat
     9 | D        | Noticed a bag of meat
     9 | D        | Noticed a meat berserker
    11 | D        | Noticed a meat berserker
    11 | D        | Killed a bag of meat
    11 | D        | Reached skill level 10 in Staves
    11 | D        | Reached XP level 14. HP: 138/138 MP: 14/14
    12 | D        | Killed a meat berserker
    12 | D        | Reached skill level 10 in Axes
    12 | D        | Reached XP level 15. HP: 150/150 MP: 15/15
    12 | D        | Reached XP level 16. HP: 160/160 MP: 16/16
    13 | D        | Noticed a meat berserker
    14 | D        | Noticed a meat berserker
    14 | D        | Noticed a meat berserker
    14 | D        | Killed a meat berserker
    14 | D        | Reached skill level 27 in Shields
    17 | D        | Became a worshipper of Makhleb the Destroyer
    18 | D        | Killed a meat berserker
    18 | D        | Reached skill level 27 in Fighting
    18 | D        | Reached skill level 27 in Armour
    18 | D        | Reached XP level 17. HP: 64/174 MP: 17/17
    18 | D        | Killed a meat berserker
    18 | D        | Reached * piety under Makhleb
    18 | D        | Reached XP level 18. HP: 67/182 MP: 18/18
    19 | D        | Reached ** piety under Makhleb
    19 | D        | Reached skill level 27 in Axes
    19 | D        | Reached XP level 19. HP: 117/189 MP: 19/19
    20 | D        | Killed a meat berserker
    20 | D        | Reached skill level 27 in Staves
    21 | D        | Noticed a meat berserker
    21 | D        | Noticed a destroyer
    21 | D        | Reached skill level 10 in Stealth
    21 | D        | Reached XP level 20. HP: 197/197 MP: 19/32
    22 | D        | Reached *** piety under Makhleb
    22 | D        | Reached skill level 10 in Throwing
    22 | D        | Reached skill level 10 in Unarmed Combat
    22 | D        | Reached skill level 10 in Spellcasting
    23 | D        | Reached skill level 15 in Stealth
    25 | D        | Reached **** piety under Makhleb
    25 | D        | Reached XP level 21. HP: 204/204 MP: 19/38
    25 | D        | Killed a destroyer
    25 | D        | Reached skill level 15 in Dodging
    26 | D        | Noticed a destroyer
    27 | D        | Killed a meat berserker
    27 | D        | Reached XP level 22. HP: 164/212 MP: 20/44
    28 | D        | Noticed a meat berserker
    29 | D        | Killed a destroyer
    29 | D        | Reached ***** piety under Makhleb
    32 | D        | Killed a meat berserker
    32 | D        | Reached skill level 27 in Stealth
    32 | D        | Reached XP level 23. HP: 219/219 MP: 21/49
    34 | D        | Noticed a large bag of meat
    35 | D        | Noticed a destroyer
    36 | D        | Noticed a large bag of meat
    36 | D        | Reached skill level 27 in Invocations
    37 | D        | Killed a destroyer
    37 | D        | Reached XP level 24. HP: 227/227 MP: 22/52
    38 | D        | Noticed a large bag of meat
    40 | D        | HP: 6/227 [meat berserker/+9 battleaxe (58)]
    40 | D        | Demolished by a meat berserker

Vault maps used:
D:        meatsprint

Skill      XL: |  1  2  3  4  5  6  7  8  9 10 11 12 13 14 15 16 17 18 19 20 21 22 23 24 |
---------------+-------------------------------------------------------------------------+-----
Fighting       | 17 19 21 23 24 27 | 27.0
Axes           | 4 5 7 10 11 18 23 27 | 27.0
Staves         | 8 9 10 12 16 19 24 27 | 27.0
Armour         | 17 19 20 22 23 27 | 27.0
Shields        | 18 20 22 24 25 27 | 27.0
Throwing       | 8 14 18 22 26 | 26.7
Dodging        | 7 13 17 21 24 | 24.9
Stealth        | 10 17 22 27 | 27.0
Unarmed Combat | 8 14 18 22 26 | 26.7
Spellcasting   | 8 13 18 22 25 26 | 26.3
Invocations    | 9 16 20 25 27 | 27.0

Action                   |  1- 3 |  4- 6 |  7- 9 | 10-12 | 13-15 | 16-18 | 19-21 | 22-24 || total
-------------------------+-------+-------+-------+-------+-------+-------+-------+-------++-------
Melee: Executioner's axe |     1 |       |       |       |     2 |     3 |     6 |     8 ||    20
Dodge: Dodged            |       |       |       |       |       |     1 |       |       ||     1
Block: Shield            |     1 |       |       |       |     1 |     1 |     1 |     3 ||     7

Table legend:
 A = Spawn XP
 B = Non-spawn XP
 C = Spawn XP percentage of total XP
 D = Spawn monster count
 E = Non-spawn monster count
 F = Spawn count percentage of total count
 G = Total turns spent on level
                    A         B        C        D         E        F      G
               +---------+---------+-------+---------+---------+-------+---------
         Total |       0 |  759455 |   0.0 |       0 |      28 |   0.0 |    40
               +---------+---------+-------+---------+---------+-------+---------
             D |       0 |  759455 |   0.0 |       0 |      28 |   0.0 |    40
               +---------+---------+-------+---------+---------+-------+---------
